 Dungeon Crawl Stone Soup version 0.21.1-1-g345015f (webtiles) character file.

42 Derpington the Digger (level 3, -2/20 HPs)
             Began as a Gargoyle Earth Elementalist on May 16, 2018.
             Was a Follower of the Shining One.
             Slain by a worker ant (3 damage)
             ... on level 4 of the Dungeon.
             The game lasted 00:18:14 (2763 turns).

Derpington the Digger (Gargoyle Earth Elementalist) Turns: 2763, Time: 00:18:15

Health: -2/20      AC:  6    Str: 11    XL:     3   Next: 56%
Magic:  6/6        EV: 11    Int: 16    God:    the Shining One [*.....]
Gold:   32         SH:  0    Dex: 10    Spells: 1/7 levels left

rFire    . . .     SeeInvis .   k - +0 club
rCold    . . .     Gourm    .   (no shield)
rNeg     + . .     Faith    .   m - +0 leather armour
rPois    ∞         Spirit   .   (no helmet)
rElec    +         Reflect  .   (no cloak)
rCorr    .         Harm     .   (no gloves)
MR       .....                  (no boots)
Stlth    +.........             (no amulet)
HPRegen  0.06/turn              (no ring)
MPRegen  0.10/turn              (no ring)

@: glowing
A: negative energy resistance 1, electricity resistance, unbreathing,
petrification resistance, rot immunity, AC +3
a: Renounce Religion


You were on level 4 of the Dungeon.
You worshipped the Shining One.
The Shining One was aware of your devotion.
You were hungry.

You visited 1 branch of the dungeon, and saw 5 of its levels.

You collected 32 gold pieces.

Inventory:

Hand Weapons
 g - a +0 hand axe
 h - a +0 dagger
 k - a +0 club (weapon)
 l - a +2 dagger of freezing
Missiles
 b - 28 stones (quivered)
 p - 16 arrows
Armour
 c - a +0 robe
 m - a +0 leather armour (worn)
Scrolls
 a - a scroll of immolation
 f - 2 scrolls of magic mapping
 i - 2 scrolls of teleportation
 q - 2 scrolls of remove curse {unknown}
Potions
 j - a potion of curing {unknown}
 n - a potion of heal wounds {unknown}
 o - 3 potions of lignification
Books
 e - a book of Geomancy

   Spells                             Type                      Level
   a - Sandblast                      Earth                        1
   b - Passwall                       Transmutation/Earth          2
   c - Stone Arrow                    Conjuration/Earth            3
   d - Petrify                        Transmutation/Earth          4
   e - Lee's Rapid Deconstruction     Earth                        5
 s - a book of Maledictions

   Spells                             Type                      Level
   a - Corona                         Hexes                        1
   b - Ensorcelled Hibernation        Hexes/Ice                    2
   c - Confuse                        Hexes                        3
   d - Tukima's Dance                 Hexes                        3
   e - Dazzling Spray                 Conjuration/Hexes            3
Comestibles
 d - 2 rations


   Skills:
 + Level 1.1 Fighting
 + Level 0.1 Maces & Flails
 + Level 1.8 Dodging
 + Level 2.3 Stealth
 * Level 2.5 Spellcasting
 + Level 0.7 Transmutations
 + Level 4.3 Earth Magic


You had one spell level left.
You knew the following spells:

 Your Spells              Type           Power        Failure   Level  Hunger
a - Sandblast             Erth           ###...       4%          1    #......
b - Passwall              Tmut/Erth      ##........   14%         2    ##.....
c - Stone Arrow           Conj/Erth      #.....       32%         3    ###....


Dungeon Overview and Level Annotations

Branches:
Dungeon (5/15)
 Temple: D:4-7

Altars:
The Shining One


Innate Abilities, Weirdness & Mutations

You are resistant to torment.
Your stone body is resilient. (AC +3)
You are immune to poison.
You resist negative energy. (rN+)
You are resistant to electric shocks. (rElec)
You can survive without breathing.
You are immune to petrification.
You are immune to rotting.


Message History

The worker ant completely misses you. The quokka zombie closely misses you.
The worker ant bites you but does no damage.
Found a stone staircase leading up.
A worker ant comes into view.
The worker ant twitches its antennae in your direction.
The worker ant misses you.
There is a stone staircase leading up here.
The quokka zombie bites you but does no damage.
The worker ant bites you but does no damage.
You climb upwards.
A quokka, a scorpion and a skeleton come into view.
Found five items.
There is a stone staircase leading down here.
The worker ant bites you but does no damage.
A frilled lizard comes into view.
The quokka bites you.
* * * LOW HITPOINT WARNING * * *
The quokka bites you but does no damage.
The worker ant bites you.
You die...

#...........##
#............#
.....?.>.....#
#............#
............##
............#
..........Zs#
?.........ra##
..$.?......@.#
#...%........#
............#
...........#
..........#
..........#
......l..#
.........#


You could see a scorpion, a worker ant, a quokka, a frilled lizard and a hound
skeleton.

Vanquished Creatures
  2 adders (D:2)
  An ooze (D:2)
  A worm (D:2)
  A dart slug (D:1)
  A bat (D:2)
  2 goblins (D:2)
  3 hobgoblins
  A quokka (D:2)
  3 frilled lizards
  2 kobolds
17 creatures vanquished.

Notes
Turn   | Place    | Note
-------+----------+-------------------------------------------
     0 | D:1      | Derpington the Gargoyle Earth Elementalist began the quest for the Orb.
     0 | D:1      | Reached XP level 1. HP: 10/10 MP: 3/3
   242 | D:1      | Reached skill level 4 in Earth Magic
   310 | D:1      | Reached XP level 2. HP: 15/15 MP: 5/5
   316 | D:1      | Learned a level 2 spell: Passwall
  1876 | D:2      | Reached skill level 1 in Fighting
  1876 | D:2      | Reached XP level 3. HP: 10/20 MP: 3/6
  2304 | D:2      | Learned a level 3 spell: Stone Arrow
  2626 | D:2      | Found a faded altar of an unknown god.
  2631 | D:2      | Became a worshipper of the Shining One
  2631 | D:2      | Reached * piety under the Shining One
  2744 | D:3      | You fall through a shaft for 2 floors!
  2744 | D:5      | Entered Level 5 of the Dungeon
  2757 | D:4      | Noticed a scorpion
  2762 | D:4      | HP: 1/20 [quokka (2)]
  2763 | D:4      | Slain by a worker ant

Skill      XL: |  1  2 |
---------------+-------+-----
Earth Magic    | 4 |  4.3
Fighting       | 1 |  1.1
Maces & Flails | |  0.1
Dodging        | |  1.8
Stealth        | |  2.3
Spellcasting   | |  2.5
Transmutations | |  0.7

Action                   || total
-------------------------++-------
Melee: Hand axe          ||    11
       Club              ||    73
Throw: Stone             ||     2
 Cast: Sandblast         ||    21
       Passwall          ||     3
  Use: Scroll            ||     5
 Stab: Sleeping          ||     2
  Eat: Ration            ||     1
       Chunk             ||     2
Armor: Robe              ||     8
       Leather armour    ||    48
Dodge: Dodged            ||    63
